 Dungeon Crawl Stone Soup version 0.19.0-24-gb05acd6 (webtiles) character file.

9627 Crag the Spear-Bearer (level 11, 0/109 HPs)
             Began as a Naga Venom Mage on Nov 20, 2016.
             Was an Initiate of Cheibriados.
             Slain by a wraith (4 damage)
             ... led by Josephine
             ... on level 9 of the Dungeon.
             The game lasted 01:17:43 (12893 turns).

Crag the Spear-Bearer (Naga Venom Mage)            Turns: 12893, Time: 01:17:44

Health: 0/109      AC: 11    Str: 13    XL:     11   Next: 49%
Magic:  20/20      EV: 12    Int: 17    God:    Cheibriados [......]
Gold:   622        SH:  0    Dex: 14    Spells: 3 memorised, 13 levels left

rFire  + . .     SeeInvis +     y - +5 scythe (flame)
rCold  . . .     Gourm    .     a - +0 robe
rNeg   . . .     Faith    .     (shield currently unavailable)
rPois  +         Spirit   .     z - +1 helmet
rElec  .         Reflect  .     q - +0 cloak
rCorr  .         Harm     .     A - +0 pair of gloves (curse)
MR     +....                    (no barding)
Stlth  ++........               e - amulet of magic regeneration
                                w - ring of fire
                                l - ring of protection from cold

@: slowed, drained, very slow
A: fangs 1, rugged brown scales 1, slimy green scales 1, see invisible, deformed
body, poison resistance, slowness 2, slow metabolism 1, spit poison 1, AC +3
a: Spit Poison, Bend Time, Renounce Religion


You were on level 9 of the Dungeon.
You worshipped Cheibriados.
Cheibriados was noncommittal.
You were hungry.

You visited 2 branches of the dungeon, and saw 11 of its levels.
You also visited: Sewer.

You collected 622 gold pieces.

Inventory:

Hand Weapons
 d - a +0 spear
 r - a +1 trident
 y - a +5 scythe of flaming (weapon)
 J - a +1 spear of venom
Armour
 a - a +0 robe (worn)
 m - a +0 shield
 q - a +0 cloak (worn)
 z - a +1 helmet (worn)
 A - a cursed +0 pair of gloves (worn)
 K - a +0 buckler of protection
Jewellery
 e - an amulet of magic regeneration (around neck)
 l - a ring of protection from cold (left hand)
 p - an uncursed amulet of faith
 w - a ring of fire (right hand)
Wands
 C - a wand of digging (5/24)
 I - a wand of disintegration (18/24)
Scrolls
 f - 4 scrolls of amnesia
 h - 6 scrolls of identify
 n - a scroll of teleportation
 s - 2 scrolls of fear
 t - 3 scrolls of remove curse
 v - a scroll of fog
 x - a scroll of enchant armour
 B - a scroll of enchant weapon
 H - 2 scrolls of magic mapping
Potions
 i - 2 potions of mutation
 j - 5 potions of curing
 o - a potion of cancellation
 E - a potion of haste {unknown}
Books
 b - a Young Poisoner's Handbook

   Spells                             Type                      Level
   a - Sting                          Conjuration/Poison           1
   b - Mephitic Cloud                 Conjuration/Poison/Air       3
   c - Olgreb's Toxic Radiance        Poison                       4
   d - Alistair's Intoxication        Transmutation/Poison         5
   e - Venom Bolt                     Conjuration/Poison           5
 G - a book of Transfigurations

   Spells                             Type                      Level
   a - Irradiate                      Conjuration/Transmutation    5
   b - Statue Form                    Transmutation/Earth          6
   c - Hydra Form                     Transmutation                6
   d - Dragon Form                    Transmutation                7
Comestibles
 c - 4 bread rations
 g - 15 fruits
 k - 8 slices of pizza
 u - 6 meat rations
 D - 2 beef jerkies
 F - 3 chunks of flesh


   Skills:
 - Level 9.0(8.7) Fighting
 + Level 10.6(10.2) Polearms
 - Level 4.3(4.0) Dodging
 - Level 3.0(2.6) Stealth
 - Level 6.0(5.6) Spellcasting
 - Level 7.0(6.6) Conjurations
 - Level 6.1(5.8) Poison Magic


You had 13 spell levels left.
You knew the following spells:

 Your Spells              Type           Power        Failure   Level  Hunger
a - Sting                 Conj/Pois      ####         1%          1    None
b - Mephitic Cloud        Conj/Pois/Air  ###.....     10%         3    ##.....
c - Venom Bolt            Conj/Pois      ####......   30%         5    ######.


Dungeon Overview and Level Annotations

Branches:
Dungeon (10/15)            Temple (1/1) D:7
   Lair: D:8-11         Orc: D:9-12

Altars:
Cheibriados
Fedhas
Hepliaklqana
Kikubaaqudgha
Okawaru
Qazlal
Ru
Sif Muna
Trog
Uskayaw
Vehumet
Yredelemnul
Zin

Annotations:
D:9 Josephine


Innate Abilities, Weirdness & Mutations

You cannot wear boots.
Your serpentine skin is tough. (AC +3)
You have supernaturally acute eyesight. (SInv)
Armour fits poorly on your strangely shaped body.
Your system is resistant to poisons. (rPois)
You cover ground very slowly.
You have a slow metabolism.
You can spit poison.
You have very sharp teeth.
You are partially covered in rugged brown scales. (AC +1, +3% HP)
You are partially covered in slimy green scales. (AC +2)


Message History

The wraith misses you.
You hit the wraith. You burn the wraith.
The wraith is heavily damaged.
The wraith hits you but does no damage. The wraith hits you!
* * * LOW HITPOINT WARNING * * *
The wraith drains your vigour!
You feel as though you will be slow longer.
You slash the wraith! You burn the wraith.
You bite the wraith, but do no damage.
The wraith is almost destroyed.
The wraith hits you but does no damage. The wraith closely misses you.
You barely miss the wraith.
The wraith is almost destroyed.
The wraith hits you!
* * * LOW HITPOINT WARNING * * *
The wraith closely misses you. The wraith hits you but does no damage.
You hit the wraith. You burn the wraith. Your bite misses the wraith.
The wraith is almost destroyed.
The wraith closely misses you. The wraith hits you.
You die...

#.# #.##########.# #.#
#.........##.# ##.######
#.#........#.# #.......#
#.#....#####.### #.......#
#.#............. #.......#
#.#....##....#.. #.......#
#.#.....#....#..
#.......###.#....#.....###
#.......#@W...............
#.......#[#...............
##.#......................
#.#......#########'###...
###.#......# #......##...
#...######.### #...........
#............# #...........
#............###...........
#............##...##.......


You could see a wraith.

Vanquished Creatures
  A hydra (D:8)
  Erica (D:8)
  Pikel (D:5)
  Maurice (D:9)
  2 centaur skeletons
  2 dream sheep (D:8)
  A hippogriff (D:10)
  Sigmund (D:5)
  A wyvern (D:9)
  8 yaks
  A wraith (D:9)
  A human (D:2)
  A water moccasin (D:9)
  The ghost of kalodont the Sneak, an amateur KoEn (D:3)
  Purgy (Sewer)
  2 orc warriors
  4 ice beasts
  2 sky beasts
  2 black bears (D:8)
  A slave (D:5)
  2 ogres
  3 centaurs
  4 big kobolds
  The ghost of Vesto the Firebug, an amateur OpFE (D:4)
  A crocodile (D:8)
  Blork the orc (D:5)
  A gnoll sergeant (D:7)
  3 bullfrogs
  A water moccasin zombie (D:8)
  4 scorpions
  14 killer bees
  An electric eel (D:10)
  4 howler monkeys
  4 crimson imps
  A bullfrog zombie (D:9)
  8 hounds
  A bullfrog skeleton (D:7)
  8 orc priests
  A jelly (D:8)
  7 orc wizards
  7 iguanas
  6 worker ants
  A howler monkey zombie (D:8)
  17 adders
  12 gnolls
  A river rat (D:3)
  2 shadow imps
  An ooze (D:2)
  An adder zombie (D:7)
  An adder skeleton (D:8)
  6 worms
  6 dart slugs
  10 leopard geckos
  21 orcs
  7 giant cockroaches
  11 goblins
  8 hobgoblins
  8 jackals
  8 quokkas
  A ball python (D:3)
  7 bats
  6 frilled lizards
  A goblin skeleton (D:2)
  10 kobolds
  A quokka skeleton (D:5)
  7 rats
272 creatures vanquished.

Vanquished Creatures (collateral kills)
  2 killer bees (D:6)
2 creatures vanquished.

Vanquished Creatures (others)
  A plant (D:8)
1 creature vanquished.

Grand Total: 275 creatures vanquished

Notes
Turn   | Place    | Note
-------+----------+-------------------------------------------
     0 | D:1      | Crag the Naga Venom Mage began the quest for the Orb.
     0 | D:1      | Reached XP level 1. HP: 15/15 MP: 3/3
   191 | D:1      | Reached skill level 1 in Conjurations
   331 | D:1      | Reached XP level 2. HP: 19/22 MP: 5/5
  1053 | D:1      | Reached XP level 3. HP: 28/28 MP: 2/6
  1867 | D:2      | Reached XP level 4. HP: 36/36 MP: 5/7
  2025 | D:2      | Learned a level 3 spell: Mephitic Cloud
  2454 | D:2      | Found a runed door.
  2454 | D:2      | Noticed a human
  2460 | D:2      | Reached skill level 1 in Polearms
  2465 | D:2      | Found a basalt altar of Yredelemnul.
  2495 | D:2      | Killed a human
  2495 | D:2      | Reached skill level 3 in Polearms
  2495 | D:2      | Reached XP level 5. HP: 14/42 MP: 3/8
  2495 | D:2      | Reached XP level 6. HP: 16/49 MP: 3/9
  2840 | D:2      | Reached skill level 4 in Polearms
  2857 | D:2      | Found a basalt altar of Yredelemnul.
  3052 | D:3      | Reached skill level 1 in Fighting
  3152 | D:3      | Noticed kalodont's ghost (amateur KoEn)
  3222 | D:3      | Found a glowing drain.
  3240 | Sewer    | Entered a sewer
  3515 | Sewer    | Noticed Purgy
  3525 | Sewer    | Killed Purgy
  3820 | D:3      | Reached XP level 7. HP: 62/62 MP: 10/10
  3867 | D:3      | Killed kalodont's ghost
  4300 | D:3      | Found an iron altar of Okawaru.
  4517 | D:4      | Noticed Vesto's ghost (amateur OpFE)
  4721 | D:3      | Reached skill level 5 in Polearms
  5143 | D:4      | Found a hide-covered altar of Uskayaw.
  5170 | D:4      | Killed Vesto's ghost
  5341 | D:4      | Reached XP level 8. HP: 72/72 MP: 13/13
  5805 | D:5      | Entered Level 5 of the Dungeon
  5808 | D:5      | Noticed Blork the orc
  5851 | D:5      | Killed Blork the orc
  6129 | D:5      | Noticed Sigmund
  6146 | D:5      | Killed Sigmund
  6146 | D:5      | Reached skill level 6 in Polearms
  6201 | D:5      | Reached skill level 7 in Polearms
  6203 | D:5      | Found a bloodstained altar of Trog.
  6285 | D:5      | Noticed Pikel
  6306 | D:5      | Killed Pikel
  6306 | D:5      | Reached XP level 9. HP: 35/85 MP: 2/15
  6336 | D:5      | Gained mutation: You are dopey. (Int -2) [mutagenic meat]
  6337 | D:5      | Gained mutation: You are weak. (Str -2) [mutagenic meat]
  6338 | D:5      | Gained mutation: You are frail. (-10% HP) [mutagenic meat]
  6339 | D:5      | Gained mutation: You are partially covered in slimy green scales. (AC +2) [mutagenic meat]
  6340 | D:5      | Gained mutation: You are very dopey. (Int -4) [mutagenic meat]
  6351 | D:5      | Gained mutation: You have very sharp teeth. [potion of mutation]
  6695 | D:6      | Found a radiant altar of Vehumet.
  6805 | D:6      | Found a glowing silver altar of Zin.
  7399 | D:6      | Reached skill level 5 in Spellcasting
  7561 | D:6      | Lost mutation: You are very dopey. (Int -4) [potion of cure mutation]
  7561 | D:6      | Lost mutation: You are dopey. (Int -2) [potion of cure mutation]
  7561 | D:6      | Lost mutation: You are weak. (Str -2) [potion of cure mutation]
  7561 | D:6      | Lost mutation: You are frail. (-10% HP) [potion of cure mutation]
  7741 | D:7      | You fall through a shaft!
  7783 | D:8      | Reached skill level 5 in Conjurations
  8020 | D:8      | Reached skill level 8 in Polearms
  8020 | D:8      | Reached XP level 10. HP: 85/94 MP: 17/17
  8867 | D:8      | Noticed a two-headed hydra
  9242 | D:8      | Gained mutation: You are partially covered in rugged brown scales. (AC +1, +3% HP) [mutagenic meat]
  9336 | D:8      | Noticed Erica
  9343 | D:8      | Killed Erica
  9343 | D:8      | Reached skill level 9 in Polearms
  9532 | D:8      | Killed a one-headed hydra
  9532 | D:8      | Reached skill level 10 in Polearms
  9601 | D:8      | Found a deep blue altar of Sif Muna.
  9718 | D:9      | Reached XP level 11. HP: 109/109 MP: 18/18
 10215 | D:9      | Learned a level 5 spell: Venom Bolt
 10419 | D:10     | Entered Level 10 of the Dungeon
 10649 | D:10     | Noticed Maurice
 10696 | D:9      | Killed Maurice
 11402 | D:10     | Noticed a death yak
 11918 | D:7      | Found a staircase to the Ecumenical Temple.
 11931 | Temple   | Entered the Ecumenical Temple
 12015 | Temple   | Became a worshipper of Cheibriados the Contemplative
 12479 | D:10     | Noticed Josephine
 12892 | D:9      | HP: 3/109 [wraith[Josephine] (10)]
 12893 | D:9      | Slain by a wraith

Skill      XL: |  1  2  3  4  5  6  7  8  9 10 11 |
---------------+----------------------------------+-----
Conjurations   | 1 2 3 4 5 7 |  7.0
Polearms       | 3 4 5 7 8 10 | 10.6
Fighting       | 3 4 6 7 9 |  9.0
Spellcasting   | 3 4 5 6 |  6.0
Dodging        | 3 4 |  4.3
Poison Magic   | 6 |  6.1
Stealth        | |  3.0

Action                   |  1- 3 |  4- 6 |  7- 9 | 10-12 || total
-------------------------+-------+-------+-------+-------++-------
Melee: Spear             |    65 |    94 |       |       ||   159
       Trident           |       |    35 |   217 |       ||   252
       Scythe            |       |       |    88 |   309 ||   397
       Bite              |       |       |     4 |    24 ||    28
 Cast: Sting             |    34 |    49 |    51 |    31 ||   165
       Mephitic Cloud    |       |     3 |    24 |    20 ||    47
 Abil: Spit Poison       |    15 |    22 |    28 |    17 ||    82
  Use: Scroll            |       |       |     8 |     7 ||    15
       Potion            |       |       |    13 |     2 ||    15
 Stab: Sleeping          |     1 |     3 |     6 |     1 ||    11
       Confused          |       |     3 |    12 |     5 ||    20
       Distracted        |       |       |     1 |     1 ||     2
  Eat: Chunk             |     3 |     5 |    19 |    17 ||    44
       Meat ration       |       |     1 |       |       ||     1
Armor: Robe              |     7 |    32 |    79 |   129 ||   247
Dodge: Dodged            |    29 |    61 |   135 |   232 ||   457
